 Dungeon Crawl Stone Soup version 0.28.0-43-g3370ac3207 (webtiles) character file.

Game seed: 7216891081333775108

147 CryoSword the Gusty (level 5, 0/33 HPs)
             Began as a Tengu Air Elementalist on Mar 21, 2022.
             Slain by a wolf spider (glowing shapeshifter) (16 damage)
             ... on level 3 of the Dungeon.
             The game lasted 00:04:34 (2971 turns).

CryoSword the Gusty (Tengu Air Elementalist)        Turns: 2971, Time: 00:04:34

Health: 0/33       AC:  6    Str:  8    XL:     5   Next: 29%
Magic:  0/9        EV: 14    Int: 17    God:
Gold:   54         SH:  0    Dex: 15    Spells: 5/8 levels left

rFire   . . .      SeeInvis .   c - staff of conjuration
rCold   . . .      Faith    .   (no shield)
rNeg    . . .      Spirit   .   a - +0 robe
rPois   .          Reflect  .   (helmet restricted)
rElec   .          Harm     .   l - +0 cloak
rCorr   .          Rampage  .   i - +0 pair of gloves
Will    .....                   (boots unavailable)
Stlth   ++........              (no amulet)
HPRegen 0.11/turn               (no ring)
MPRegen 0.11/turn               (no ring)

@: flying quickly and evasively, hasted, very quick
A: beak, talons 3, nimble flight, iridescent scales 1, robust 1
a: no special abilities


You were on level 3 of the Dungeon.
You visited 1 branch of the dungeon, and saw 3 of its levels.

You collected 82 gold pieces.
You spent 28 gold pieces at shops.

Inventory:

Hand Weapons
 k - a +4 quarterstaff of chaos
   (You took it off Crazy Yiuf on level 2 of the Dungeon)
Armour
 a - a +0 robe (worn)
 i - a +0 pair of gloves (worn)
   (You found it on level 2 of the Dungeon)
 l - a +0 cloak (worn)
   (You took it off Crazy Yiuf on level 2 of the Dungeon)
Magical Staves
 c - a staff of conjuration (weapon)
   (You found it on level 1 of the Dungeon)
Scrolls
 d - 2 scrolls of vulnerability {unknown}
 f - 4 scrolls of identify {@r1}
 g - a scroll of immolation {unknown}
 n - 3 scrolls of brand weapon {unknown}
 o - a scroll of fog {unknown}
 p - a scroll of enchant armour {unknown}
Potions
 b - 3 potions of mutation {!q}
 e - a potion of lignification {unknown}
 h - a potion of haste {@q3}
 j - a potion of cancellation {unknown}
 m - a potion of berserk rage {unknown}


   Skills:
 + Level 1.9 Fighting
 + Level 1.8 Staves
 - Level 2.1 Dodging
 - Level 2.0 Stealth
 - Level 2.0 Spellcasting
 + Level 3.1 Conjurations
 * Level 5.8 Air Magic


You had 5 spell levels left.
You knew the following spells:

 Your Spells              Type           Power      Damage    Failure   Level
a - Shock                 Conj/Air       100%       1d9       3%          1
b - Static Discharge      Conj/Air       25%        N/A       4%          2

Your spell library contained the following spells:

 Spells                   Type           Power      Damage    Failure   Level
 Swiftness                Air            21%        N/A       5%          3
 Airstrike                Air            10%        N/A       17%         4


Dungeon Overview and Level Annotations

Branches:
Dungeon (3/15)

Altars:

Shops:
D:1 ?


Innate Abilities, Weirdness & Mutations

You have a beak for a mouth.
You have claws for feet.
Your magical nature lets you fly swiftly and evasively.
You are partially covered in iridescent scales. (AC +2)
You are robust. (+10% HP)


Message History

Space warps around you.
* * * LOW HITPOINT WARNING * * *
You feel a surge of power!
Crazy Yiuf is struck by an arc of lightning!
You kill Crazy Yiuf!
You are struck by an arc of lightning.
* * * LOW HITPOINT WARNING * * *
The lightning grounds out.
Your Conjurations skill increases to level 3!
You have reached level 5!
Your magical nature develops, letting you fly swiftly and evasively.
There is an open translucent door here.
Things that are here:
a +4 quarterstaff of chaos; a +0 cloak
k - a +4 quarterstaff of chaos;
l - a +0 cloak You start putting on your armour.
You continue putting on your +0 cloak. x4
You finish putting on your +0 cloak.
Your +4 quarterstaff of chaos is briefly surrounded by a scintillating aura of random colours.
k - a +4 quarterstaff of chaos (weapon)
Key pressed, stopping explore.
Done exploring.
Done exploring.
There is an open translucent door here.
Things that are here:
a +0 hand axe; a +0 ring mail
There is a stone staircase leading down here.
You fly downwards.
There is a stone staircase leading up here.
Okay, then.
m - a viscous silvery potion
n - 3 scrolls labelled USEAH KUGE
o - a scroll labelled ZOWOGEOFUA You now have enough gold to buy a scroll of immolation on D:1.
You now have 54 gold pieces (gained 9).
Found 21 stones.
b - 4 fuming black potions (gained 1)
You see here 21 stones.
Found a stone staircase leading down.
An adder comes into view.
An adder is nearby!
An adder is nearby!
An adder is nearby!
The helpless adder fails to defend itself.
You sock the adder!
The adder hisses angrily.
The adder flickers and vanishes!
Deactivating autopickup; reactivate with Ctrl-A.
Your kick misses something. Your peck misses something.
Something closely misses you. Something bites you but does no damage.
No target in view!
No target in view!
No target in view!
You completely miss something. Your kick misses something.
Something bites you but does no damage.
You completely miss something. Your kick misses something.
Your peck misses something. Something bites you. x2
You barely miss something. Something bites you. x2
You miss something. Something bites you but does no damage.
You closely miss something. Your kick misses something.
Your peck misses something. Something bites you but does no damage.
Something bites you.
You are poisoned.
Something poisons you!
Something is struck by an arc of lightning!
Reactivating autopickup.
You feel a bit more experienced.
The lightning grounds out.
You feel sick.
You start resting.
You feel sick. x3
You are no longer poisoned.
You start resting.
You start resting.
You see here an adder corpse.
A rat comes into view.
A rat is nearby!
You thump the rat! You freeze the rat.
You kill the rat!
No target in view!
No target in view!
You see here a rat corpse.
Found a robe.
Found a stone staircase leading up.
There is a stone staircase leading up here.
A rat comes into view.
A rat is nearby!
A rat is nearby!
A rat is nearby!
You hit the rat.
You kill the rat!
No target in view!
p - a scroll labelled HOESCH BUOPAICK You see here a rat corpse.
A goblin comes into view. It is wielding a +0 club.
You see here 6 poisoned darts.
A goblin is nearby!
A goblin is nearby!
A goblin is nearby!
An adder comes into view.
The adder hisses angrily.
You closely miss the adder. Your kick misses the adder.
Your peck misses the adder. The adder bites you but does no damage.
You hit the adder.
The adder changes into a glowing shapeshifter!
The glowing shapeshifter changes into a glowing orange brain!
The goblin misses you.
You sock the glowing orange brain!
Space warps around the glowing orange brain.
The goblin barely misses you.
The glowing orange brain pulsates.
You are confused.
You're too confused to cast spells.
It was a potion of mutation.
You feel extremely strange.
You feel robust.
Iridescent scales grow over part of your body.
The goblin closely misses you.
It was a potion of haste.
You feel yourself speed up. The goblin hits you but does no damage.
The glowing orange brain changes into a slime creature!
The goblin hits you but does no damage.
The slime creature changes into a radroach!
You're too confused to move!
You feel less confused.
Okay, then.
c - a staff of conjuration (weapon)
Aim: a radroach shaped shifter (91% to hit)
You feel a surge of power!
The zap hits the radroach but does no damage.
The radroach changes into a wolf spider!
Aim: a wolf spider shaped shifter (74% to hit)
You feel a surge of power!
The zap hits the wolf spider.
Aim: a wolf spider shaped shifter (lightly wounded, 74% to hit)
You feel a surge of power!
The zap hits the goblin!
You kill the goblin!
The zap hits the wolf spider.
Aim: a wolf spider shaped shifter (lightly wounded, 74% to hit)
You feel a surge of power!
The zap misses the wolf spider.
Aim: a wolf spider shaped shifter (lightly wounded, 74% to hit)
You feel a surge of power!
The zap hits the wolf spider!
You feel a surge of power!
The wolf spider is struck by an arc of lightning!
You are struck by an arc of lightning.
The wolf spider is struck by an arc of lightning.
The lightning grounds out.
The wolf spider hits you! The wolf spider misses you.
You feel a surge of power!
The wolf spider is struck by an arc of lightning.
You are struck by an arc of lightning.
* * * LOW HITPOINT WARNING * * *
The lightning grounds out.
You don't have enough magic to cast this spell.
The wolf spider hits you!
You die...

#.##....##..####......# #.##..
#.##..####...........## #.....
#.##..####.#######(..# ####.#
...........# #...# #####.#
...##.#.#### #.).# #......
...##.#.# ########...######.##.#.
......#.###.................##...
.................s...............
.....####.#.....@................
...### #.########...#########..#
...# #.# #...# #..... #### #.#
#...# #####.#... ###
#...###...#.#...
####♣##♣##♣######...##......#...
#...............#...........##..
#.##♣##♣##♣####.#...##......##..
##.## ########..###.##...#.....


You could see a wolf spider shaped shifter.

Vanquished Creatures
  Crazy Yiuf (D:2)
  A centaur skeleton (D:2)
  An orc priest (D:2)
  2 adders
  A worm (D:2)
  4 orcs (D:2)
  3 ball pythons
  2 bats (D:2)
  3 endoplasms
  3 goblins
  4 hobgoblins
  3 jackals (D:1)
  A quokka (D:1)
  A kobold (D:2)
  9 rats
39 creatures vanquished.

Vanquished Creatures (others)
  A fungus (D:2)
1 creature vanquished.

Grand Total: 40 creatures vanquished

Notes
Turn   | Place    | Note
-------+----------+-------------------------------------------
     0 | D:1      | CryoSword the Tengu Air Elementalist began the quest for
                  | the Orb.
     0 | D:1      | Reached XP level 1. HP: 10/10 MP: 4/4
   294 | D:1      | Reached XP level 2. HP: 16/16 MP: 4/6
   692 | D:1      | Learned a level 2 spell: Static Discharge
   790 | D:1      | Found Plog's Magic Scroll Shop.
   796 | D:1      | Bought a scroll of identify for 28 gold pieces
   876 | D:1      | Found a faded altar of an unknown god.
  1077 | D:2      | Reached skill level 1 in Fighting
  1077 | D:2      | Reached skill level 1 in Staves
  1077 | D:2      | Reached skill level 5 in Air Magic
  1077 | D:2      | Reached XP level 3. HP: 14/20 MP: 0/7
  1364 | D:2      | Reached XP level 4. HP: 25/25 MP: 6/8
  2174 | D:2      | Found a runed translucent door.
  2175 | D:2      | Noticed Crazy Yiuf
  2183 | D:2      | Killed Crazy Yiuf
  2183 | D:2      | HP: 1/25 [/static electricity (2)]
  2184 | D:2      | Gained mutation: Your magical nature lets you fly swiftly
                  | and evasively. [Tengu growth]
  2184 | D:2      | Reached XP level 5. HP: 1/30 MP: 1/9
  2946 | D:3      | Noticed a glowing shapeshifter
  2946 | D:3      | an adder changed into a glowing shapeshifter
  2946 | D:3      | Noticed a glowing orange brain
  2946 | D:3      | a glowing shapeshifter changed into a glowing orange brain
  2948 | D:3      | Gained mutation: You are robust. (+10% HP) [potion of
                  | mutation]
  2948 | D:3      | Gained mutation: You are partially covered in iridescent
                  | scales. (AC +2) [potion of mutation]
  2950 | D:3      | Noticed a slime creature
  2950 | D:3      | a glowing orange brain changed into a slime creature
  2955 | D:3      | Noticed a radroach
  2955 | D:3      | a slime creature changed into a radroach
  2962 | D:3      | Noticed a wolf spider
  2962 | D:3      | a radroach changed into a wolf spider
  2971 | D:3      | Slain by a wolf spider (glowing shapeshifter)

Illustrated notes

Levels and vault maps discovered:
D:1:      dpeg_arrival_ratfight, layout_basic,
          shapermc_ecumenical_altar_mp_highgroup, serial_shops, shop
D:2:      layout_rooms, dk_noncrumbling_3, uniq_crazy_yiuf_cottage
D:3:      layout_loops_cross, amcnicky_mini_corridor_feature

Skill      XL: |  1  2  3  4 |
---------------+-------------+-----
Conjurations   | 2 3 |  3.1
Fighting       | 1 |  1.9
Staves         | 1 |  1.8
Air Magic      | 5 |  5.8
Dodging        | |  2.1
Stealth        | |  2.0
Spellcasting   | |  2.0

Action                   |  1- 3 |  4- 6 || total
-------------------------+-------+-------++-------
Melee: Staff             |     3 |     4 ||     7
       Kick              |     1 |     2 ||     3
       Peck              |       |     3 ||     3
       Quarterstaff      |       |    11 ||    11
 Cast: Shock             |    35 |    36 ||    71
       Static Discharge  |     2 |     5 ||     7
  Use: Potion            |       |     2 ||     2
 Stab: Sleeping          |       |     1 ||     1
Armor: Robe              |     2 |     8 ||    10
Dodge: Dodged            |     8 |     9 ||    17
